Workbook
Name _Hlk106022409: '交付申請書(作成例)'!#REF!
Name _Hlk106022409: '交付申請書(様式)'!#REF!
Name _Hlk106022409: 交付請求書!#REF!
Name _Hlk106022409: '実績報告書＆取得財産等管理台帳'!#REF!
Name _Hlk106022409: '実績報告書＆取得財産等管理台帳 (作成例)'!#REF!
Name _Hlk106022409: '実績報告書(様式)'!#REF!
Name _Hlk106022409: 状況報告書!#REF!
Name _Hlk106022409: '中止（廃止）承認申請書'!#REF!
Name _Hlk106022409: 変更承認申請書!#REF!
Name _Hlk106123860: '交付申請書(作成例)'!#REF!
Name _Hlk106123860: '交付申請書(様式)'!#REF!
Name _Hlk106123860: 交付請求書!#REF!
Name _Hlk106123860: '実績報告書＆取得財産等管理台帳'!#REF!
Name _Hlk106123860: '実績報告書＆取得財産等管理台帳 (作成例)'!#REF!
Name _Hlk106123860: '実績報告書(様式)'!#REF!
Name _Hlk106123860: 状況報告書!#REF!
Name _Hlk106123860: '中止（廃止）承認申請書'!#REF!
Name _Hlk106123860: 変更承認申請書!#REF!

Sheet 交付申請書(様式)
A1: 交付要領第８条関係（様式第１号）
W2: 令和 年 月 日
C4: 福井県知事 石田 嵩人 様
O5: 申請者 | Q5: 住所
Q7: 氏名
AC10: （法人にあっては名称および代表者の氏名）
A12: 大雨被害を受けた繊維原材料再購入支援事業補助金 交付申請書
A13: 大雨被害を受けた繊維原材料再購入支援事業について、補助金の交付を受けたいので、福井県補助金等交付規則第４条の規定により、関係書類を添えて、下記のとおり提出します。
A16: 記
A18: １ 補助事業等の名称
C19: 大雨被害を受けた繊維原材料再購入支援事業
A21: ２ 補助事業等の目的および内容
C22: （別紙１）事業計画書のとおり
A24: ３ 補助事業等の完了の予定期日および実施の計画
C25: （別紙１）事業計画書のとおり
A27: ４ 交付申請額
C28: =Z150 -> 0 | I28: 円
A30: ５ 交付申請額の算出方法
C31: （別紙２）収支予算書のとおり
A33: ６ 補助事業等の経費の配分および経費の使用方法
C34: （別紙２）収支予算書のとおり
A36: ７ 添付書類
A37: ⑴ 事業計画書（別紙１）
A38: ⑵ 収支予算書（別紙２）
A39: ⑶ 県税の納税状況の確認に関する同意書（別紙３）
A40: ⑷ 積算書（別紙４）
A41: ⑸ 原材料の被災状況などの報告に係る宣誓書（別紙５）
A42: ⑹ 被災証明書（罹災証明書）
A43: ⑺ 地方消費税に滞納がないことを証明事項とする納税証明書
A44: ⑻ 債権債務者登録申請書
A52: （別紙１）
A54: 事業計画書
A56: １ 申請者の概要
C57: 事業者等の名称 | I57: =IF(S7="","",S7)
C58: 役職・代表者名 | I58: =IF(AND(S8="",S9=""),"",S8&" "&S9)
C59: 所在地 | I59: =IF(S4="","",S4) | AO59: 実績報告書転記用
C60: 業種 | I60: 日本標準産業分類 大分類Ｅ「製造業」における中分類１１「繊維工業」 | AN60: 業種 | AO60: =IF(I60="","",I60) -> 日本標準産業分類 大分類Ｅ「製造業」における中分類１１「繊維工業」
C61: 主たる事業内容 | AN61: 主たる事業 | AO61: =IF(I61="","",I61)
C62: 資本金 | O62: 千円 | Q62: 従業員数 | AC62: 人 | AN62: 資本金 | AO62: =IF(I62="","",I62)
C63: 担当部署・氏名 | AN63: 従業員数 | AO63: =IF(U62="","",U62)
C64: 電話番号 | Q64: ＦＡＸ番号 | AN64: 担当部署・氏名 | AO64: =IF(U63="","",U63)
C65: メールアドレス | AN65: 電話番号 | AO65: =IF(I64="","",I64)
AN66: FAX番号 | AO66: =IF(U64="","",U64)
A67: ２ 事業の概要 | AN67: メールアドレス | AO67: =IF(I65="","",I65)
C68: 事業を実施する事業所名 | AN68: 事業を実施する事業所名 | AO68: =IF(M68="","",M68)
C69: 所在地 | AN69: 所在地 | AO69: =IF(M69="","",M69)
AN70: 所在地 | AO70: =IF(M70="","",M70)
AN71: 所在地 | AO71: =IF(M71="","",M71)
C72: 事業計画名 （＝補助事業等の名称） | M72: =C19 -> 大雨被害を受けた繊維原材料再購入支援事業
C73: 事業に要する経費 | M73: =K150 -> 0 | Z73: 円（税込）
C74: 補助対象経費 | M74: =O150 -> 0 | Z74: 円（税抜）
C75: 補助金交付申請額 | M75: =Z150 -> 0 | Z75: 円
C76: 事業開始予定年月日 | M76: 令和 年 月 日
C77: 事業完了予定年月日 | M77: 令和 年 月 日
A79: ３ 被災状況の写真
N81: 写真
B126: （注）
C127: １ 適宜、行を追加して作成すること。
C128: ２ 被災により原材料が使用不可能になったことがわかる写真を貼付すること
D129: （浸水状況や原材料廃棄状況など）
A131: （別紙２）
A133: 収支予算書
A135: １ 資金調達内訳
C136: 区 分 | I136: 金額（円） | Q136: 資金の調達先
C137: 自己資金 | I137: =I141-I138-I139-I140 -> 0
C138: 借 入 金
C139: 補 助 金 | I139: =Z150 -> 0 | Q139: =C19 -> 大雨被害を受けた繊維原材料再購入支援事業
C140: そ の 他
C141: 合 計 | I141: =K150 -> 0
A143: ２ 資金支出内訳
C144: 経費区分 | D144: 経費内訳 | K144: 事業に要する | O144: 補助対象 | S144: 積算根拠 | Z144: 補助金
K145: 経費(税込) | O145: 経費(税抜) | Z145: 交付申請
K146: （円） | O146: （円） | Z146: 額
C147: 原材料費 | O147: =(W239-T242)+(W328-T331)+(W365-T368) -> 0 | S147: 別紙４ 積算書 記載の通り
C150: 合計 | K150: =K147 -> 0 | O150: =O147 -> 0 | S150: 補助金交付申請額の試算 | Z150: {=_xlfn.IFS(U152<2500000,ROUNDDOWN(U152,-3),U152>=2500000,"2,500,000")} -> 0
S151: 補助対象経費×1/4
S152: = | U152: =O150/4 -> 0 | Y152: 円
A153: （注） | C153: １ | D153: 必要に応じ、行を追加・削除して使用すること。
C154: ２ | D154: 「１資金調達内訳」の合計と「２資金支出内訳」の「事業に要する経費」の合計は一致すること。
C155: ３ | D155: 「事業に要する経費」とは、当該事業を遂行するのに必要な経費を意味し、ここでは消費税込みの金額を記載すること。
C156: ４ | D156: 「補助対象経費」には、「事業に要する経費」のうち補助対象となる経費(税抜)を記載すること。なお、当該経費について原材料等を対象とした災害保険金又は共済金の支払いを受ける場合は、その金額を控除した後の額を補助対象経費として記載すること。
C157: ５ | D157: 「補助金交付申請額」は、「補助対象経費」の合計に補助率１／４を乗じた額以内（千円未満は切捨て）、かつその合計額は補助上限額（２５０万円）以内とすること。
A161: （別紙３）
A164: 県税の納税状況の確認について
W167: は、
C168: 大雨被害を受けた繊維原材料再購入支援事業補助金の交付を福井県に
C169: 申請するに当たり、福井県の県税事務所等が、福井県産業労働部
C170: 産業技術課に対し、 | K170: =IF(C167="","",C167)
C171: の福井県への納税状況に関する情報を提供することに同意します。
A174: =$W$2 -> 令和 年 月 日
O176: =IF(S4="","",S4)
G177: 住所（所在地）
G179: フリガナ
G180: 氏名（名称） | O180: =IF(S7="","",S7)
O181: =IF(S8="","",S8)
O183: =IF(S9="","",S9)
AC184: （法人にあっては名称および代表者の氏名）
A187: 福井県知事 石田 嵩人 様
C190: ＊納税状況の確認に関する事項 本同意書に基づき提供された納税状況は、福井県が実施する大雨被害を受けた繊維原材料再購入支援事業補助金の交付事務以外には使用いたしません。
C196: ※福井県担当者記入欄
...

Sheet 交付申請書(作成例)
A1: 交付要領第８条関係（様式第１号）
W2: 46325
C4: 福井県知事 石田 嵩人 様 | S4: 福井県福井市大手 ３丁目○－○
O5: 申請者 | Q5: 住所
Q7: 氏名 | S7: 福井県株式会社
S8: 代表取締役社長
S9: 福井 県太郎
AC10: （法人にあっては名称および代表者の氏名）
A12: 大雨被害を受けた繊維原材料再購入支援事業補助金 交付申請書
A13: 大雨被害を受けた繊維原材料再購入支援事業について、補助金の交付を受けたいので、福井県補助金等交付規則第４条の規定により、関係書類を添えて、下記のとおり提出します。
A16: 記
A18: １ 補助事業等の名称
C19: 大雨被害を受けた繊維原材料再購入支援事業
A21: ２ 補助事業等の目的および内容
C22: （別紙１）事業計画書のとおり
A24: ３ 補助事業等の完了の予定期日および実施の計画
C25: （別紙１）事業計画書のとおり
A27: ４ 交付申請額
C28: =Z150 -> 2,500,000 | I28: 円
A30: ５ 交付申請額の算出方法
C31: （別紙２）収支予算書のとおり
A33: ６ 補助事業等の経費の配分および経費の使用方法
C34: （別紙２）収支予算書のとおり
A36: ７ 添付書類
A37: ⑴ 事業計画書（別紙１）
A38: ⑵ 収支予算書（別紙２）
A39: ⑶ 県税の納税状況の確認に関する同意書（別紙３）
A40: ⑷ 積算書（別紙４）
A41: ⑸ 原材料の被災状況などの報告に係る宣誓書（別紙５）
A42: ⑹ 被災証明書（罹災証明書）
A43: ⑺ 地方消費税に滞納がないことを証明事項とする納税証明書
A44: ⑻ 債権債務者登録申請書
A52: （別紙１）
A54: 事業計画書
A56: １ 申請者の概要
C57: 事業者等の名称 | I57: =IF(S7="","",S7) -> 福井県株式会社
C58: 役職・代表者名 | I58: =IF(AND(S8="",S9=""),"",S8&" "&S9) -> 代表取締役社長 福井 県太郎
C59: 所在地 | I59: =IF(S4="","",S4) -> 福井県福井市大手 ３丁目○－○ | AO59: 実績報告書転記用
C60: 業種 | I60: 日本標準産業分類 大分類Ｅ「製造業」における中分類１１「繊維工業」 | AN60: 業種 | AO60: =IF(I60="","",I60) -> 日本標準産業分類 大分類Ｅ「製造業」における中分類１１「繊維工業」
C61: 主たる事業内容 | I61: 織物製造 | AN61: 主たる事業 | AO61: =IF(I61="","",I61) -> 織物製造
C62: 資本金 | I62: 1000 | O62: 千円 | Q62: 従業員数 | U62: 10 | AC62: 人 | AN62: 資本金 | AO62: =IF(I62="","",I62) -> 1000
C63: 担当部署・氏名 | I63: 総務課 福井 県次郎 | AN63: 従業員数 | AO63: =IF(U62="","",U62) -> 10
C64: 電話番号 | I64: 0776-20-XXXX | Q64: ＦＡＸ番号 | U64: 0776-20-YYYY | AN64: 担当部署・氏名 | AO64: =IF(U63="","",U63)
C65: メールアドレス | I65: fukuiken@XXX.co.jp | AN65: 電話番号 | AO65: =IF(I64="","",I64) -> 0776-20-XXXX
AN66: FAX番号 | AO66: =IF(U64="","",U64) -> 0776-20-YYYY
A67: ２ 事業の概要 | AN67: メールアドレス | AO67: =IF(I65="","",I65) -> fukuiken@XXX.co.jp
C68: 事業を実施する事業所名 | M68: 第一工場、第二工場、第三工場 | AN68: 事業を実施する事業所名 | AO68: =IF(M68="","",M68) -> 第一工場、第二工場、第三工場
C69: 所在地 | M69: [第一工場] 福井県福井市大手〇丁目〇－〇 | AN69: 所在地 | AO69: =IF(M69="","",M69) -> [第一工場] 福井県福井市大手〇丁目〇－〇
M70: [第二工場] 福井県福井市大手〇丁目〇－〇 | AN70: 所在地 | AO70: =IF(M70="","",M70) -> [第二工場] 福井県福井市大手〇丁目〇－〇
M71: [第三工場] 福井県坂井市丸岡町〇丁目〇－〇 | AN71: 所在地 | AO71: =IF(M71="","",M71) -> [第三工場] 福井県坂井市丸岡町〇丁目〇－〇
C72: 事業計画名 （＝補助事業等の名称） | M72: =C19 -> 大雨被害を受けた繊維原材料再購入支援事業
C73: 事業に要する経費 | M73: =K150 -> 12926848 | Z73: 円（税込）
C74: 補助対象経費 | M74: =O150 -> 10051680 | Z74: 円（税抜）
C75: 補助金交付申請額 | M75: =Z150 -> 2,500,000 | Z75: 円
C76: 事業開始予定年月日 | M76: 46269
C77: 事業完了予定年月日 | M77: 46444
A79: ３ 被災状況の写真
N81: 写真
C82: 画像
C104: 画像
B126: （注）
C127: １ 適宜、行を追加して作成すること。
C128: ２ 被災により原材料が使用不可能になったことがわかる写真を貼付すること
D129: （浸水状況や原材料廃棄状況など）
A131: （別紙２）
A133: 収支予算書
A135: １ 資金調達内訳
C136: 区 分 | I136: 金額（円） | Q136: 資金の調達先
C137: 自己資金 | I137: =I141-I138-I139-I140 -> 6926848
C138: 借 入 金 | I138: 2000000 | Q138: 福井県庁銀行
C139: 補 助 金 | I139: =Z150 -> 2,500,000 | Q139: =C19 -> 大雨被害を受けた繊維原材料再購入支援事業
C140: そ の 他 | I140: 1500000 | Q140: 保険金：150万円
C141: 合 計 | I141: =K150 -> 12926848
A143: ２ 資金支出内訳
C144: 経費区分 | D144: 経費内訳 | K144: 事業に要する | O144: 補助対象 | S144: 積算根拠 | Z144: 補助金
K145: 経費(税込) | O145: 経費(税抜) | Z145: 交付申請
K146: （円） | O146: （円） | Z146: 額
C147: 原材料費 | D147: 経糸、緯糸、生地、 染色剤 | K147: =Z239+Z328+220000 -> 12926848 | O147: =(W239-T242)+(W328-T331)+(W365-T368) -> 10051680 | S147: 別紙４ 積算書 記載の通り
C150: 合計 | K150: =IF(K147="","",K147) -> 12926848 | O150: =O147 -> 10051680 | S150: 補助金交付申請額の試算 | Z150: {=_xlfn.IFS(U152<2500000,ROUNDDOWN(U152,-3),U152>=2500000,"2,500,000")} -> 2,500,000
S151: 補助対象経費×1/4
S152: = | U152: =O150/4 -> 2512920 | Y152: 円
A153: （注） | C153: １ | D153: 必要に応じ、行を追加・削除して使用すること。
C154: ２ | D154: 「１資金調達内訳」の合計と「２資金支出内訳」の「事業に要する経費」の合計は一致すること。
C155: ３ | D155: 「事業に要する経費」とは、当該事業を遂行するのに必要な経費を意味し、ここでは消費税込みの金額を記載すること。
C156: ４ | D156: 「補助対象経費」には、「事業に要する経費」のうち補助対象となる経費(税抜)を記載すること。なお、当該経費について原材料等を対象とした災害保険金又は共済金の支払いを受ける場合は、その金額を控除した後の額を補助対象経費として記載すること。
C157: ５ | D157: 「補助金交付申請額」は、「補助対象経費」の合計に補助率１／４を乗じた額以内（千円未満は切捨て）、かつその合計額は補助上限額（２５０万円）以内とすること。
A161: （別紙３）
A164: 県税の納税状況の確認について
C167: 福井県株式会社 | W167: は、
C168: 大雨被害を受けた繊維原材料再購入支援事業補助金の交付を福井県に
C169: 申請するに当たり、福井県の県税事務所等が、福井県産業労働部
C170: 産業技術課に対し、 | K170: =IF(C167="","",C167) -> 福井県株式会社
C171: の福井県への納税状況に関する情報を提供することに同意します。
A174: =$W$2 -> 46325
O176: =IF(S4="","",S4) -> 福井県福井市大手 ３丁目○－○
G177: 住所（所在地）
G179: フリガナ
G180: 氏名（名称） | O180: =IF(S7="","",S7) -> 福井県株式会社
O181: =IF(S8="","",S8) -> 代表取締役社長
O182: フクイ ケンタロウ
...

Sheet 変更承認申請書
A1: 交付要領第１０条関係（様式第２号）
L2: 令和 年 月 日
B4: 福井県知事 石田 嵩人 様 | J4: =IF('交付申請書(様式)'!S4=0,"",'交付申請書(様式)'!S4)
H5: 申請者 | I5: 住所
I7: 氏名 | J7: =IF('交付申請書(様式)'!S7=0,"",'交付申請書(様式)'!S7)
J8: =IF('交付申請書(様式)'!S8=0,"",'交付申請書(様式)'!S8)
J9: =IF('交付申請書(様式)'!S9=0,"",'交付申請書(様式)'!S9)
O10: （法人にあっては名称および代表者の氏名）
A12: 大雨被害を受けた繊維原材料再購入支援事業補助金
A13: 補助事業計画変更承認申請書
A15: 令和 年 月 日 | E15: 付け福井県指令 産技 第 | J15: ○○○ | L15: 号で補助金等の
A16: 交付決定を受けた大雨被害を受けた繊維原材料再購入支援事業補助金に係る事業の
A17: 計画（事業内容、経費配分）を下記のとおり変更したいので承認をお願いします。
A19: 記
A21: １ 変更の理由
A29: ２ 変更の内容
A43: （注）
A44: １ | B44: 変更の理由を証する書類を添付すること。
A45: ２ | B45: 変更の理由および内容は、できるだけ詳細に記入すること。

Sheet 状況報告書
A1: 交付要領第１２条関係（様式第３号）
L2: 令和 年 月 日
B4: 福井県知事 石田 嵩人 様 | J4: =IF('交付申請書(様式)'!S4=0,"",'交付申請書(様式)'!S4)
H5: 申請者 | I5: 住所
I7: 氏名 | J7: =IF('交付申請書(様式)'!S7=0,"",'交付申請書(様式)'!S7)
J8: =IF('交付申請書(様式)'!S8=0,"",'交付申請書(様式)'!S8)
J9: =IF('交付申請書(様式)'!S9=0,"",'交付申請書(様式)'!S9)
O10: （法人にあっては名称および代表者の氏名）
A12: 大雨被害を受けた繊維原材料再購入支援事業補助金
F13: 第 | G13: ○ | H13: 半期状況報告書
A15: 令和 年 月 日 | E15: 付け福井県指令 産技 第 | J15: ○○○ | L15: 号で補助金等の
A16: 交付決定（ | C16: 令和 年 月 日 | G16: 付け福井県指令 産技 第 | L16: ○○○ | N16: 号で
A17: 変更承認）を受けた事業の第 | F17: ○ | G17: 半期における遂行状況について、福井県補助金等
A18: 交付規則第１０条の規定により、別表のとおり報告します。
A20: 別表
A21: 事業名 | B21: 事業費Ａ | E21: 事業進捗状況 | I21: 事業費支払状況 | M21: 次の 半期における 事業進捗の見込 | N21: 摘要
C22: 着手年月日 | E22: 前期末 | F22: 本 期 | G22: 本期末 | H22: 進捗率 | I22: 前期末 | J22: 本期の | K22: 本期末 | L22: Ｇ／Ａ
E23: までの | F23: の | G23: までの | I23: までの | J23: 支払済 | K23: までの
C24: 完了予定年月日 | E24: 出来高 | F24: 出来高 | G24: 出来高 | H24: Ｄ／Ａ | I24: 支払済 | J24: 額 | K24: 支払済
E25: Ｂ | F25: Ｃ | G25: Ｄ | I25: 額 Ｅ | J25: Ｆ | K25: 額 Ｇ
A27: （注）
A28: １ この表によりがたいものについては、この表に準じて作成すること。

Sheet 中止（廃止）承認申請書
A1: 交付要領第１０条関係（様式第４号）
L2: 令和 年 月 日
B4: 福井県知事 石田 嵩人 様 | J4: =IF('交付申請書(様式)'!S4=0,"",'交付申請書(様式)'!S4)
H5: 申請者 | I5: 住所
I7: 氏名 | J7: =IF('交付申請書(様式)'!S7=0,"",'交付申請書(様式)'!S7)
J8: =IF('交付申請書(様式)'!S8=0,"",'交付申請書(様式)'!S8)
J9: =IF('交付申請書(様式)'!S9=0,"",'交付申請書(様式)'!S9)
O10: （法人にあっては名称および代表者の氏名）
A12: 大雨被害を受けた繊維原材料再購入支援事業補助金
A13: 補助事業中止（廃止）承認申請書
A15: 令和 年 月 日 | E15: 付け福井県指令 産技 第 | J15: ○○○ | L15: 号で補助金等の
A16: 交付決定（ | C16: 令和 年 月 日 | G16: 付け福井県指令 産技 第 | L16: ○○○ | N16: 号で
A17: 変更承認）を受けた大雨被害を受けた繊維原材料再購入支援事業補助金に係る事業を
A18: 下記のとおり中止（廃止）したいので承認を申請します。
A20: 記
A22: １ 中止（廃止）の理由
A30: ２ 中止の期間（廃止の時期）
A38: （注）
A39: １ 中止（廃止）の理由を証する書類を添付すること。
A40: ２ 中止（廃止）の理由は、できるだけ詳細に記入すること。

Sheet 実績報告書＆取得財産等管理台帳
A1: 交付要領第１２条関係（様式第６号）
L2: 令和 年 月 日
Y3: LED（調光制御機能なし）
B4: 福井県知事 様 | J4: =IF('交付申請書(様式)'!S4=0,"",'交付申請書(様式)'!S4) | Y4: LED（調光制御機能付き）
H5: 申請者 | I5: 住所 | Y5: 空調機器
Y6: 給湯機器
I7: 氏名 | J7: =IF('交付申請書(様式)'!S7=0,"",'交付申請書(様式)'!S7) | Y7: その他（生産設備等）
J8: =IF('交付申請書(様式)'!S8=0,"",'交付申請書(様式)'!S8)
J9: =IF('交付申請書(様式)'!S9=0,"",'交付申請書(様式)'!S9)
O10: （法人にあっては名称および代表者の氏名）
A12: 企業における省エネ設備等導入支援事業補助金 | K12: 補助事業実績報告書
A14: 令和 年 月 日 | E14: 付け福井県指令 産技 第 | J14: ○○○ | L14: 号で補助金等の
A15: 交付決定（ | C15: 令和 年 月 日 | G15: 付け福井県指令 産技 第 | L15: ○○○ | N15: 号で
A16: 変更承認）を受けた企業における省エネ設備等導入支援事業補助金に係る事業を完了
A17: したので、福井県補助金等交付規則第１２条の規定により、関係書類を添え、下記の
A18: とおり報告します。
A20: 記
A22: １ 補助事業等の名称
B23: =G64 -> 0
A26: ２ 補助金等の交付決定額およびその精算額
B27: （交付決定額） | H27: 円
B28: （精算額） | E28: =N120 -> 0 | H28: 円
A30: ３ 補助事業の実施期間
B31: （別紙①）事業結果報告書のとおり
A34: ４ 補助事業の成果
B35: （別紙①）事業結果報告書のとおり
A38: ５ 添付書類
A39: ⑴ 事業結果報告書（別紙①）
A40: ⑵ 収支決算書（別紙②）
A41: ⑶ 支出明細報告書（別紙③）
A42: ⑷ 取得財産等管理台帳（交付要領第１１条関係（様式第４号））
A43: ⑸ 補助事業に係る経理関係の証拠書類の写し
A44: （別紙①）
A46: 事業結果報告書
A48: １ 申請者の概要
B49: 事業者等の名称 | E49: =IF(J7="","-",J7) -> -
B50: 役職・代表者名 | E50: =IF(J8="","-",J8) -> - | I50: =J9
B51: 所在地 | E51: =J4
B52: 業種 | E52: （「企業における省エネ設備等導入支援事業補助金実施細則」にある分類
E53: から選択し、記載すること）
B55: 主たる事業内容
B56: 資本金 | H56: 千円 | I56: 従業員数 | O56: 人
B57: 担当部署・氏名
B58: 電話番号 | I58: ＦＡＸ番号
B59: メールアドレス
A61: ２ 事業の概要
B62: 事業を実施した事業所名
B63: 所在地
B64: 事業計画名 （＝補助事業等の名称）
B65: 事業に要した経費 | G65: =F120 -> 0 | N65: 円（税込）
B66: 補助対象経費 | G66: =H120 -> 0 | N66: 円（税抜）
B67: 補助金交付実績額 | G67: =N120 -> 0 | N67: 円（税抜）
B68: 事業開始年月日 | G68: 令和 年 月 日
B69: 事業完了年月日 | G69: 令和 年 月 日
A70: ３ 導入した設備の概要
B71: No. | C71: 区分 | E71: 現行の設備 | J71: 導入する設備
E72: ⑴メーカー、⑵型番、⑶数量 | J72: ⑴メーカー、⑵型番、⑶数量
B73: 1 | E73: （１） （２） （３） | J73: （１） （２） （３）
B74: 2 | E74: （１） （２） （３） | J74: （１） （２） （３）
B75: 3 | E75: （１） （２） （３） | J75: （１） （２） （３）
A76: （注） | B76: １ 区分には、「ＬＥＤ（調光制御機能なし）」、「ＬＥＤ（調光制御機能付き）」、
B77: 「空調機器」、「給湯機器」、「その他（生産設備等）」のいずれかを記載すること。
B78: ２ 適宜、表を追加して記載すること。
A80: ４ 導入効果（省ＣＯ２率）の算定
B81: No. | C81: ＣＯ２排出量 （t-CO2/年） | G81: ＣＯ２ 削減率 （％） (A-B)/A
C84: 導入前 A | E84: 導入後 B
B85: 1 | G85: =IF(E85="","0",ROUNDDOWN((C85-E85)/C85,3)) -> 0
B86: 2 | G86: =IF(E86="","0",ROUNDDOWN((C86-E86)/C86,3)) -> 0
B87: 3 | G87: =IF(E87="","0",ROUNDDOWN((C87-E87)/C87,3)) -> 0
A88: （注） | B88: １ エネルギー使用量の原油換算・CO2排出量換算表により算出した値を記載すること。
B89: ２ 削減率は小数点第２位を切り捨てて記載すること。
B90: ３ 適宜、表を追加して記載すること。
B91: ４ 「No.」は上記「３ 導入予定の設備の概要」にあわせること。
A92: ５ 導入した設備の写真
B93: No. | C93: 写真
B94: 1 | C94: （撮影日等の日付入りの写真を貼付すること。）
B95: 2 | C95: （撮影日等の日付入りの写真を貼付すること。）
B96: 3 | C96: （撮影日等の日付入りの写真を貼付すること。）
A97: （注） | B97: １ 適宜、行を追加して作成すること。
B98: ２ 「No.」は上記「３ 導入予定の設備の概要」にあわせること。
B99: ３ 機器の総数が多い場合は、工場・事業所の平面図に機器の配置や数量を示したものを
B100: 添付することで、写真は更新する機器全てではなく代表的なものだけで可とする。
A101: （別紙②）
A103: 収支決算書
A105: １ 収入内訳
B106: 区 分 | E106: 金額（円） | I106: 資金の調達先
B107: 自己資金
B108: 借 入 金
B109: 補 助 金 | E109: =N120 -> 0 | I109: 企業における省エネ設備等導入支援事業補助金
B110: そ の 他 | E110: =E111-E107-E108-E109 -> 0
B111: 合 計 | E111: =F120 -> 0
A113: ２ 支出内訳
B114: 経費区分 | C114: 経費内訳 | F114: 事業に要した | H114: 補助対象 | J114: 積算根拠 | N114: 補助金
F115: 経費(税込) | H115: 経費(税抜) | N115: 交付実績
F116: （円） | H116: （円） | N116: 額
B117: 設備費
B120: 合計 | F120: =SUM(F117:G119) -> 0 | H120: =SUM(H117:I119) -> 0 | J120: 補助金交付実績額の試算 | N120: =ROUNDDOWN(K122,-3) -> 0
J121: 補助対象経費×1/2
J122: = | K122: =H120/2 -> 0 | M122: 円
A123: （注） | B123: １ 必要に応じ、行を追加・削除して使用すること。
...

Sheet 実績報告書＆取得財産等管理台帳 (作成例)
A1: 交付要領第１２条関係（様式第６号）
L2: 45920
Y3: LED（調光制御機能なし）
B4: 福井県知事 様 | J4: 福井県福井市大手３丁目○－○ | Y4: LED（調光制御機能付き）
H5: 申請者 | I5: 住所 | Y5: 空調機器
Y6: 給湯機器
I7: 氏名 | J7: 福井ケン商事株式会社 | Y7: その他（生産設備等）
J8: 代表取締役社長
J9: 福井 県太郎
O10: （法人にあっては名称および代表者の氏名）
A12: 企業における省エネ設備等導入支援事業補助金 | K12: 補助事業実績報告書
A14: 46568 | E14: 付け福井県指令 産技 第 | J14: 123 | L14: 号で補助金等の
A15: 交付決定（ | C15: 令和 年 月 日 | G15: 付け福井県指令 産技 第 | L15: ○○○ | N15: 号で
A16: 変更承認）を受けた企業における省エネ設備等導入支援事業補助金に係る事業を完了
A17: したので、福井県補助金等交付規則第１２条の規定により、関係書類を添え、下記の
A18: とおり報告します。
A20: 記
A22: １ 補助事業等の名称
B23: =G64 -> 第一工場のＬＥＤ照明および空調機器更新工事
A26: ２ 補助金等の交付決定額およびその精算額
B27: （交付決定額） | E27: 1867000 | H27: 円
B28: （精算額） | E28: =N118 -> 1867000 | H28: 円
A30: ３ 補助事業の実施期間
B31: （別紙①）事業結果報告書のとおり
A34: ４ 補助事業の成果
B35: （別紙①）事業結果報告書のとおり
A38: ５ 添付書類
A39: ⑴ 事業結果報告書（別紙①）
A40: ⑵ 収支決算書（別紙②）
A41: ⑶ 支出明細報告書（別紙③）
A42: ⑷ 取得財産等管理台帳（交付要領第１１条関係（様式第４号））
A43: ⑸ 補助事業に係る経理関係の証拠書類の写し
A44: （別紙①）
A46: 事業結果報告書
A48: １ 申請者の概要
B49: 事業者等の名称 | E49: =IF(J7="","-",J7) -> 福井ケン商事株式会社
B50: 役職・代表者名 | E50: =IF(J8="","-",J8) -> 代表取締役社長 | I50: =J9 -> 福井 県太郎
B51: 所在地 | E51: =J4 -> 福井県福井市大手３丁目○－○
B52: 業種 | E52: （「企業における省エネ設備等導入支援事業補助金実施細則」にある分類
E53: から選択し、記載すること）
E54: 中分類11 繊維工業
B55: 主たる事業内容 | E55: 合繊織物の製造
B56: 資本金 | E56: 30000 | H56: 千円 | I56: 従業員数 | K56: 20 | O56: 人
B57: 担当部署・氏名 | E57: 総務課 福井 県次郎
B58: 電話番号 | E58: 0776-20-XXXX | I58: ＦＡＸ番号 | K58: 0776-20-XXXX
B59: メールアドレス | E59: fukuikensyouji@XXX.co.jp
A61: ２ 事業の概要
B62: 事業を実施した事業所名 | G62: 第一工場
B63: 所在地 | G63: 福井県福井市中央３丁目△－△
B64: 事業計画名 （＝補助事業等の名称） | G64: 第一工場のＬＥＤ照明および空調機器更新工事
B65: 事業に要した経費 | G65: =F118 -> 4108016 | N65: 円（税込）
B66: 補助対象経費 | G66: =H118 -> 3734560 | N66: 円（税抜）
B67: 補助金交付実績額 | G67: =N118 -> 1867000 | N67: 円（税抜）
B68: 事業開始年月日 | G68: 45839
B69: 事業完了年月日 | G69: 45901
A70: ３ 導入した設備の概要
B71: No. | C71: 区分 | E71: 現行の設備 | J71: 導入する設備
E72: ⑴メーカー、⑵型番、⑶数量 | J72: ⑴メーカー、⑵型番、⑶数量
B73: 1 | C73: ＬＥＤ（調光制御機能なし） | E73: （１）○○電機 （２）ABC-1234 （３）15台 （１）△△電機 （２）XYZ-1234 （３）30台 | J73: （１）××電機 （２）abc-1234 （３）15台 （１）○○電機 （２）def-1234 （３）30台
B74: 2 | C74: ＬＥＤ（調光制御機能付き） | E74: （１）△△電機 （２）XYZ-1234 （３）4台 （１）△△電機 （２）XYZ-9876 （３）4台 （１）○○電機 （２）ABC-9876 （３）10台 | J74: （１）○○電機 （２）def-1234-B （３）4台 （１）△△電機 （２）xyz-1234-C （３）14台
B75: 3 | C75: 空調機器 | E75: （１）○○電機 （２）AAA-BBB （３）7台 | J75: （１）△△電機 （２）XXX-YYY （３）7台
A76: （注） | B76: １ 区分には、「ＬＥＤ（調光制御機能なし）」、「ＬＥＤ（調光制御機能付き）」、
B77: 「空調機器」、「給湯機器」、「その他（生産設備等）」のいずれかを記載すること。
B78: ２ 適宜、表を追加して記載すること。
A80: ４ 導入効果（省エネルギー率、省ＣＯ２率）の算定
B81: No. | C81: ＣＯ２排出量 （t-CO2/年） | G81: ＣＯ２削減率 （％） (A-B)/A
C84: 導入前 A | E84: 導入後 B
B85: 1 | C85: 6.38 | E85: 2.67 | G85: =IF(E85="","0",ROUNDDOWN((C85-E85)/C85,3)) -> 0.581
B86: 2 | C86: 0.56 | E86: 0.21 | G86: =IF(E86="","0",ROUNDDOWN((C86-E86)/C86,3)) -> 0.625
B87: 3 | C87: 13 | E87: 8.6 | G87: =IF(E87="","0",ROUNDDOWN((C87-E87)/C87,3)) -> 0.338
A88: （注） | B88: １ エネルギー使用量の原油換算・CO2排出量換算表により算出した値を記載すること。
B89: ２ 削減率は小数点第２位を切り捨てて記載すること。
B90: ３ 適宜、表を追加して記載すること。
B91: ４ 「No.」は上記「３ 導入予定の設備の概要」にあわせること。
A92: ５ 導入した設備の写真
B93: No. | C93: 写真
B94: 1 | C94: 別添のとおり
B95: 2
B96: 3
A97: （注） | B97: １ 適宜、行を追加して作成すること。
B98: ２ 「No.」は上記「３ 導入予定の設備の概要」にあわせること。
A99: （別紙②）
A101: 収支決算書
A103: １ 収入内訳
B104: 区 分 | E104: 金額（円） | I104: 資金の調達先
B105: 自己資金 | E105: 1241016
B106: 借 入 金 | E106: =F118-E105-E107 -> 1000000 | I106: ○○銀行
B107: 補 助 金 | E107: =N118 -> 1867000 | I107: 企業における省エネ設備等導入支援事業補助金
B108: そ の 他 | E108: =Q108*1 -> 0
B109: 合 計 | E109: =SUM(E105:H108) -> 4108016
A111: ２ 支出内訳
B112: 経費区分 | C112: 経費内訳 | F112: 事業に要した | H112: 補助対象 | J112: 積算根拠 | N112: 補助金
F113: 経費(税込) | H113: 経費(税抜) | N113: 交付実績
F114: （円） | H114: （円） | N114: 額
B115: 設備費 | C115: ＬＥＤ（調光制御機能なし） | F115: =H115*1.1 -> 1650000 | H115: 1500000 | J115: 見積書
C116: ＬＥＤ（調光制御機能付き） | F116: =H116*1.1 -> 1100000 | H116: 1000000 | J116: 見積書
C117: 空調機器 | F117: =H117*1.1 -> 1358016 | H117: 1234560 | J117: 価格表
B118: 合計 | F118: =SUM(F115:G117) -> 4108016 | H118: =SUM(H115:I117) -> 3734560 | J118: 補助金交付申請額の試算 | N118: 1867000
J119: 補助対象経費×1/2
J120: = | K120: =H118/2 -> 1867280 | M120: 円
...

Sheet 実績報告書(様式)
A1: 交付要領第１３条関係（様式第５号）
W2: 令和 年 月 日
C4: 福井県知事 石田 嵩人 様 | S4: =IF('交付申請書(様式)'!$S$4="","",'交付申請書(様式)'!$S$4)
O5: 申請者 | Q5: 住所
Q7: 氏名 | S7: =IF('交付申請書(様式)'!$S$7="","",'交付申請書(様式)'!$S$7)
S8: =IF('交付申請書(様式)'!$S$8="","",'交付申請書(様式)'!$S$8)
S9: =IF('交付申請書(様式)'!$S$9="","",'交付申請書(様式)'!$S$9)
AC10: （法人にあっては名称および代表者の氏名）
A12: 大雨被害を受けた繊維原材料再購入支援事業補助金
A13: 補助事業実績報告書
A15: 令和 年 月 日 | I15: 付け福井県指令 産技 第 | Q15: ○○○ | T15: 号で補助金等の交付決定
A16: （ | B16: 令和 年 月 日 | J16: 付け福井県指令 産技 第 | R16: ○○○ | U16: 号で変更承認）を受けた
A17: 大雨被害を受けた繊維原材料再購入支援事業補助金に係る事業を完了したので、福井県
A18: 補助金等交付規則第１２条の規定により、関係書類を添え、下記のとおり報告します。
A20: 記
A22: １ 補助事業等の名称
C23: 大雨被害を受けた繊維原材料再購入支援事業
A25: ２ 補助金等の交付決定額およびその精算額
C26: （交付決定額） | N26: 円
C27: （積算額） | H27: =Z99 -> 0 | N27: 円
A29: ３ 補助事業の実施期間
C30: （別紙①）事業結果報告書のとおり
A32: ４ 補助事業の成果
C33: （別紙①）事業結果報告書のとおり
A35: ５ 添付書類
C36: （１）事業計画書（別紙①）
C37: （２）収支決算書（別紙②）
C38: （３）支出明細報告書（別紙③）
C39: （４）補助事業に係る証拠書類の写し
A53: （別紙①）
A55: 事業結果報告書
A57: １ 申請者の概要
C58: 事業者等の名称 | I58: =S9
C59: 役職・代表者名 | I59: =IF(AND(S8="",S9=""),"",S8&" "&S9)
C60: 所在地 | I60: =IF(S4="","",S4)
C61: 業種 | I61: =IF('交付申請書(様式)'!AO60="","",'交付申請書(様式)'!AO60) -> 日本標準産業分類 大分類Ｅ「製造業」における中分類１１「繊維工業」
C62: 主たる事業内容 | I62: =IF('交付申請書(様式)'!AO61="","",'交付申請書(様式)'!AO61)
C63: 資本金 | I63: =IF('交付申請書(様式)'!AO62="","",'交付申請書(様式)'!AO62) | O63: 千円 | Q63: 従業員数 | U63: =IF('交付申請書(様式)'!AO63="","",'交付申請書(様式)'!AO63) | AC63: 人
C64: 担当部署・氏名 | I64: =IF('交付申請書(様式)'!AO64="","",'交付申請書(様式)'!AO64)
C65: 電話番号 | I65: =IF('交付申請書(様式)'!AO65="","",'交付申請書(様式)'!AO65) | Q65: ＦＡＸ番号 | U65: =IF('交付申請書(様式)'!AO66="","",'交付申請書(様式)'!AO66)
C66: メールアドレス | I66: =IF('交付申請書(様式)'!AO67="","",'交付申請書(様式)'!AO67)
A68: ２ 事業の概要
C69: 事業を実施する事業所名 | M69: =IF('交付申請書(様式)'!AO68="","",'交付申請書(様式)'!AO68)
C70: 所在地 | M70: =IF('交付申請書(様式)'!AO69="","",'交付申請書(様式)'!AO69)
M71: =IF('交付申請書(様式)'!AO70="","",'交付申請書(様式)'!AO70)
M72: =IF('交付申請書(様式)'!AO71="","",'交付申請書(様式)'!AO71)
C73: 事業計画名 （＝補助事業等の名称） | M73: =C23 -> 大雨被害を受けた繊維原材料再購入支援事業
C74: 事業に要する経費 | M74: =K99 -> 0 | Z74: 円（税込）
C75: 補助対象経費 | M75: =O99 -> 0 | Z75: 円（税抜）
C76: 補助金交付実績額 | M76: =Z99 -> 0 | Z76: 円
C77: 事業開始年月日 | M77: 令和 年 月 日
C78: 事業完了年月日 | M78: 令和 年 月 日
A80: （別紙②）
A82: 収支決算書
A84: １ 資金調達内訳
C85: 区 分 | I85: 金額（円） | Q85: 資金の調達先
C86: 自己資金 | I86: =I90-I87-I88-I89 -> 0
C87: 借 入 金
C88: 補 助 金 | Q88: =C23 -> 大雨被害を受けた繊維原材料再購入支援事業
C89: そ の 他
C90: 合 計 | I90: =K99 -> 0
A92: ２ 資金支出内訳
C93: 経費区分 | D93: 経費内訳 | K93: 事業に要する | O93: 補助対象 | S93: 積算根拠 | Z93: 補助金
K94: 経費(税込) | O94: 経費(税抜) | Z94: 交付実績
K95: （円） | O95: （円） | Z95: 額
C96: 原材料費 | O96: =(W136-T139)+(W174-T177)+(W212-T215) -> 0 | S96: 別紙③ 支出明細報告書 記載の通り
C99: 合計 | K99: =K96 -> 0 | O99: =O96 -> 0 | S99: 補助金交付実績額の試算 | Z99: {=_xlfn.IFS(U101<2500000,ROUNDDOWN(U101,-3),U101>=2500000,"2,500,000")} -> 0
S100: 補助対象経費×1/4
S101: = | U101: =O99/4 -> 0 | Y101: 円
A102: （注） | C102: １ | D102: 必要に応じ、行を追加・削除して使用すること。
C103: ２ | D103: 「１資金調達内訳」の合計と「２資金支出内訳」の「事業に要する経費」の合計は一致すること。
C104: ３ | D104: 「事業に要する経費」とは、当該事業を遂行するのに必要な経費を意味し、ここでは消費税込みの金額を記載すること。
C105: ４ | D105: 「補助対象経費」には、「事業に要する経費」のうち補助対象となる経費(税抜)を記載すること。なお、当該経費について原材料等を対象とした災害保険金又は共済金の支払いを受ける場合は、その金額を控除した後の額を補助対象経費として記載すること。
C106: ５ | D106: 「補助金交付申請額」は、「補助対象経費」の合計に補助率１／４を乗じた額以内（千円未満は切捨て）、かつその合計額は補助上限額（２５０万円）以内とすること。
A110: （別紙③）
W111: =$W$2 -> 令和 年 月 日
O112: 支出明細報告書 | W112: ='交付申請書(様式)'!W215 -> （ 市分）
A114: 品目記載欄 | L114: 数量記載欄 | T114: 金額記載欄 | AC114: 証 拠 書 類 番 号
A115: 種別 | D115: 品名・品番など | L115: 大雨被害による原材料等廃棄数量 [Ａ] | N115: 前年度年間使用数量実績の１／３ [Ｂ] | P115: 購入 数量 [Ｃ] | R115: 単位 | T115: 単価 (税抜) (円) | W115: 金額 (税抜) (円) | Z115: 金額 (税込) (円) | AE115: 購入数量判定
W116: =IF(OR(P116="",T116=""),"",P116*T116) | Z116: =IF(W116="","",W116*1.1) | AE116: =IF(OR(L116="",N116="",P116=""),"NG",IF(P116>MIN(L116,N116),"購入可能数量超過 or 購入最小ロットか確認が必要","OK")) -> NG
W117: =IF(OR(P117="",T117=""),"",P117*T117) | Z117: =IF(W117="","",W117*1.1) | AE117: =IF(OR(L117="",N117="",P117=""),"NG",IF(P117>MIN(L117,N117),"購入可能数量超過 or 購入最小ロットか確認が必要","OK")) -> NG
W118: =IF(OR(P118="",T118=""),"",P118*T118) | Z118: =IF(W118="","",W118*1.1) | AE118: =IF(OR(L118="",N118="",P118=""),"NG",IF(P118>MIN(L118,N118),"購入可能数量超過 or 購入最小ロットか確認が必要","OK")) -> NG
W119: =IF(OR(P119="",T119=""),"",P119*T119) | Z119: =IF(W119="","",W119*1.1) | AE119: =IF(OR(L119="",N119="",P119=""),"NG",IF(P119>MIN(L119,N119),"購入可能数量超過 or 購入最小ロットか確認が必要","OK")) -> NG
W120: =IF(OR(P120="",T120=""),"",P120*T120) | Z120: =IF(W120="","",W120*1.1) | AE120: =IF(OR(L120="",N120="",P120=""),"NG",IF(P120>MIN(L120,N120),"購入可能数量超過 or 購入最小ロットか確認が必要","OK")) -> NG
W121: =IF(OR(P121="",T121=""),"",P121*T121) | Z121: =IF(W121="","",W121*1.1) | AE121: =IF(OR(L121="",N121="",P121=""),"NG",IF(P121>MIN(L121,N121),"購入可能数量超過 or 購入最小ロットか確認が必要","OK")) -> NG
W122: =IF(OR(P122="",T122=""),"",P122*T122) | Z122: =IF(W122="","",W122*1.1) | AE122: =IF(OR(L122="",N122="",P122=""),"NG",IF(P122>MIN(L122,N122),"購入可能数量超過 or 購入最小ロットか確認が必要","OK")) -> NG
W123: =IF(OR(P123="",T123=""),"",P123*T123) | Z123: =IF(W123="","",W123*1.1) | AE123: =IF(OR(L123="",N123="",P123=""),"NG",IF(P123>MIN(L123,N123),"購入可能数量超過 or 購入最小ロットか確認が必要","OK")) -> NG
W124: =IF(OR(P124="",T124=""),"",P124*T124) | Z124: =IF(W124="","",W124*1.1) | AE124: =IF(OR(L124="",N124="",P124=""),"NG",IF(P124>MIN(L124,N124),"購入可能数量超過 or 購入最小ロットか確認が必要","OK")) -> NG
W125: =IF(OR(P125="",T125=""),"",P125*T125) | Z125: =IF(W125="","",W125*1.1) | AE125: =IF(OR(L125="",N125="",P125=""),"NG",IF(P125>MIN(L125,N125),"購入可能数量超過 or 購入最小ロットか確認が必要","OK")) -> NG
W126: =IF(OR(P126="",T126=""),"",P126*T126) | Z126: =IF(W126="","",W126*1.1) | AE126: =IF(OR(L126="",N126="",P126=""),"NG",IF(P126>MIN(L126,N126),"購入可能数量超過 or 購入最小ロットか確認が必要","OK")) -> NG
W127: =IF(OR(P127="",T127=""),"",P127*T127) | Z127: =IF(W127="","",W127*1.1) | AE127: =IF(OR(L127="",N127="",P127=""),"NG",IF(P127>MIN(L127,N127),"購入可能数量超過 or 購入最小ロットか確認が必要","OK")) -> NG
... W135: =IF(OR(P135="",T135=""),"",P135*T135) | Z135: =IF(W135="","",W135*1.1) | AE135: =IF(OR(L135="",N135="",P135=""),"NG",IF(P135>MIN(L135,N135),"購入可能数量超過 or 購入最小ロットか確認が必要","OK")) -> NG
A136: 原材料金額合計 | W136: =SUM(W116:Y135) -> 0 | Z136: =SUM(Z116:AB135) -> 0
A138: 原材料等を対象とした災害保険又は共済への加入
A139: 保険金又は共済金の金額（上記加入状況が「あり」の場合） | AC139: 円
A141: （注）
B142: １ | C142: 必要に応じ、行を追加・削除して使用すること。
B143: ２ | C143: 購入数量[Ｃ]は、廃棄数量[Ａ]、または、年間使用実績の１／３[Ｂ]のいずれか小さい方となっていることを確認すること。ただし、最小購入単位が前記数量を上回る場合は最小購入単位で購入してよいが、[Ｃ]が最小購入単位であることを示す資料を証拠書類として提出すること。
B144: ３ | C144: 補助対象経費の支出を証明する証拠書類として、請求書、納品書、領収書、振込記録、その他これらに類する書類の写しを提出すること。
B145: ４ | C145: 「原材料等を対象とした災害保険金又は共済金」の支払いを受けた場合は、その金額を記載するとともに、保険金又は共済金の総額のうち原材料等に係る支払額が確認できる書類（保険会社、共済団体等が発行したものに限る。）を添付すること。なお、当該書類の提出が困難な場合は、その理由を付して県に相談すること。
...

Sheet 交付請求書
A1: 交付要領第１６条関係（様式第６号）
L2: 令和 年 月 日
B4: 福井県知事 石田 嵩人 様 | J4: =IF('交付申請書(様式)'!S4=0,"",'交付申請書(様式)'!S4)
H5: 申請者 | I5: 住所
I7: 氏名 | J7: =IF('交付申請書(様式)'!S7=0,"",'交付申請書(様式)'!S7)
J8: =IF('交付申請書(様式)'!S8=0,"",'交付申請書(様式)'!S8)
J9: =IF('交付申請書(様式)'!S9=0,"",'交付申請書(様式)'!S9)
O10: （法人にあっては名称および代表者の氏名）
A12: 大雨被害を受けた繊維原材料再購入支援事業補助金
A13: 交付請求書（概算払、精算払）
A15: 令和 年 月 日 | E15: 付け福井県指令 産技 第 | J15: ○○○ | L15: 号で交付決定（額の確定）
A16: （ | B16: 令和 年 月 日 | F16: 付け福井県指令 産技 第 | K16: ○○○ | M16: 号で変更承認）
A17: の通知があった補助金を交付されるよう大雨被害を受けた繊維原材料再購入支援事業補助金交付
A18: 要領第１５条の規定により請求します。
D22: 今回請求額 | J22: 円
E26: 発行責任者 | H26: 代表取締役 □□□□
E27: 担 当 者 | H27: 総務部 △△△△
E28: 連 絡 先 | H28: 0000-00-0000
